 Dungeon Crawl Stone Soup version 0.28-a0-657-g71136c5590 (webtiles) character file.

Game seed: 1317464398349082955

744 omnomnOMINOUS the Conjurer (level 7, -2/55 HPs)
             Began as an Octopode Wanderer on Oct 13, 2021.
             Was an Initiate of Gozag.
             Succumbed to a water moccasin's poison
             ... on level 6 of the Dungeon.
             The game lasted 00:15:17 (7517 turns).

omnomnOMINOUS the Conjurer (Octopode Wanderer)      Turns: 7517, Time: 00:15:18

Health: -2/55      AC:  1    Str: 10    XL:     7   Next: 76%
Magic:  10/10      EV: 15    Int: 14    God:    Gozag
Gold:   514        SH:  0    Dex: 15    Spells: 7/10 levels left

rFire   . . .      SeeInvis .   a - +3 short sword
rCold   . . .      Faith    .   (no shield)
rNeg    . . .      Spirit   .   (helmet restricted)
rPois   .          Reflect  .   (no amulet)
rElec   .          Harm     .   (no ring)
rCorr   .          Rampage  .   (no ring)
Will    .....                   (no ring)
Stlth   +++.......              (no ring)
HPRegen 0.18/turn               (no ring)
MPRegen 0.12/turn               (no ring)
                                (no ring)
                                (no ring)

@: mighty, lethally poisoned (-2 -> -14), gold aura, attractive
A: almost no armour, amphibious, 8 rings, camouflage 1, gelatinous body 1,
(nimble swimmer 1), tentacles, sense surroundings 1, robust 1, MP-powered wands
a: Renounce Religion, Potion Petition, Call Merchant, Bribe Branch


You were on level 6 of the Dungeon.
You worshipped Gozag.
Gozag was pleased with you.
You visited 1 branch of the dungeon, and saw 6 of its levels.
You also visited: Sewer.

You collected 546 gold pieces.
You paid 32 gold pieces to Gozag.

Inventory:

Hand Weapons
 a - a +3 short sword (weapon)
 b - a +2 vampiric dagger
 c - the +6 spear of Dissatisfaction {antimagic, Fragile rElec rN+ Str+4}
   (You found it on level 4 of the Dungeon)

   It reduces the magical energy of the wielder, and disrupts the spells and
   magical abilities of those it strikes.
   Natural abilities and divine invocations are not affected.
   Str:       It affects your strength (+4).
   rElec:     It insulates you from electricity.
   rN:        It protects you from negative energy.
   Fragile:   It will be destroyed if unequipped.
 d - a +0 quarterstaff
 r - a +0 trident
Missiles
 e - 3 javelins (quivered)
Jewellery
 m - a ring of flight
Scrolls
 f - a scroll of amnesia
 j - a scroll of enchant armour
 n - a scroll of fear {unknown}
 o - a scroll of enchant weapon {unknown}
 p - 4 scrolls of teleportation
 s - a scroll of identify {unknown}
Potions
 q - a potion of heal wounds {unknown}


   Skills:
 + Level 5.2 Fighting
 - Level 1.0 Throwing
 + Level 5.2 Dodging
 - Level 1.3 Stealth
 - Level 2.0 Spellcasting
 * Level 5.3 Conjurations
 - Level 1.2 Poison Magic


You had 7 spell levels left.
You knew the following spells:

 Your Spells              Type           Power      Damage    Failure   Level
a - Magic Dart            Conj           64%        1d6       2%          1
b - Searing Ray           Conj           32%        2d5       4%          2

Your spell library contained the following spells:

 Spells                   Type           Power      Damage    Failure   Level
 Sting                    Tmut/Pois      12%        1d3       19%         1
 Poisonous Vapours        Pois/Air       6%         N/A       28%         2
 Mephitic Cloud           Conj/Pois/Air  7%         N/A       28%         3
 Ozocubu's Armour         Ice            1%         N/A       56%         3
 Fulminant Prism          Conj/Hex       4%         3d6       61%         4
 Olgreb's Toxic Radiance  Pois           4%         N/A       82%         4
 Metabolic Englaciation   Hex/Ice        0%         N/A       100%        5
 Simulacrum               Ice/Necr       0%         N/A       100%        6


Dungeon Overview and Level Annotations

Branches:
Dungeon (6/15)              Sewer (visited)
 Temple: D:4-7

Altars:
Gozag

Annotations:
D:4 1 runed translucent door, dracfodder's ghost, novice GrBe


Innate Abilities, Weirdness & Mutations

You cannot wear most types of armour.
You are amphibious.
You can wear up to eight rings at the same time.
Your skin changes colour to match your surroundings (Stealth+).
Your rubbery body absorbs attacks. (AC +1, EV +1)
((You are camouflaged near water. (Stealth+)))
You have tentacles for arms and can constrict up to eight enemies at once.
You passively map a small area around you.
You are robust. (+10% HP)
You expend magic power (3 MP) to strengthen your wands.


Message History

Aim: a water moccasin (63% to hit)
The searing ray hits the water moccasin.
The water moccasin is lightly wounded. (Press . to maintain the ray.)
You feel very sick. The water moccasin barely misses you.
The searing ray misses the water moccasin.
You feel very sick. The water moccasin closely misses you.
The water moccasin bites you.
The searing ray hits the water moccasin!
The water moccasin is heavily wounded.
You feel sick. The water moccasin barely misses you.
The searing ray hits the water moccasin.
The water moccasin is severely wounded.
You finish channelling your searing ray.
You feel sick. The water moccasin closely misses you.
The water moccasin bites you!
You are lethally poisoned!
The water moccasin poisons you!
It was a potion of magic.
Magic courses through your body.
* * * LOW HITPOINT WARNING * * *
You feel very sick. The water moccasin misses you.
It was a potion of mutation.
You feel extremely strange.
You feel a strange attunement to the structure of the dungeons.
You feel your magical essence link to the dungeon's wands.
You feel robust.
* * * LOW HITPOINT WARNING * * *
You feel very sick. The water moccasin bites you.
* * * LOW HITPOINT WARNING * * *
It was a potion of attraction.
You feel attractive to monsters.
* * * LOW HITPOINT WARNING * * *
You feel very sick.
The water moccasin barely misses you. x2
It was a potion of might.
You feel very mighty all of a sudden.
You die...
Your body crumbles into a pile of gold.

* , , , ### ** ,
#...(# , , , +#
#.#..#, , * , * ...
.(..#, ,, , #.###..#
, ,
,#......########## *
#..............
#.#....@$......
,#.###.....##S######*
#.......#.#*.#,,
#######.#.#*.# * *
#.#.# .. * #.#.# ##
,#<#.# ###.# , .$#


You could see a water moccasin.

Vanquished Creatures
  A black bear (D:5)
  Purgy (Sewer)
  A necrophage (D:4)
  An ogre (D:5)
  A jelly (D:5)
  2 hounds
  2 orc priests (D:5)
  An iguana (D:5)
  2 orc wizards
  5 adders
  A river rat (D:5)
  A worm (D:5)
  A dart slug (D:4)
  10 orcs
  10 endoplasms
  2 giant cockroaches
  7 goblins
  10 hobgoblins
  6 jackals
  3 quokkas
  5 ball pythons
  7 bats
  3 frilled lizards
  3 kobolds
  9 rats
95 creatures vanquished.

Vanquished Creatures (others)
  3 plants (D:2)
3 creatures vanquished.

Grand Total: 98 creatures vanquished

Notes
Turn   | Place    | Note
-------+----------+-------------------------------------------
     0 | D:1      | omnomnOMINOUS the Octopode Wanderer began the quest for the
                  | Orb.
     0 | D:1      | omnomnOMINOUS set off with the following items: a +0
                  | dagger, a potion of lignification; and the following spells
                  | available to memorise: Sting, Magic Dart, Poisonous
                  | Vapours, Mephitic Cloud, Olgreb's Toxic Radiance
     0 | D:1      | Reached XP level 1. HP: 17/17 MP: 3/3
     2 | D:1      | Learned a level 1 spell: Magic Dart
   160 | D:1      | Reached skill level 1 in Conjurations
   160 | D:1      | Reached XP level 2. HP: 5/22 MP: 5/5
  1197 | D:1      | Reached XP level 3. HP: 20/27 MP: 6/6
  1677 | D:2      | Learned a level 2 spell: Searing Ray
  2613 | D:3      | Reached XP level 4. HP: 33/33 MP: 7/7
  3093 | D:3      | Found an opulent altar of Gozag.
  3104 | D:3      | Became a worshipper of Gozag Ym Sagoz the Greedy
  3660 | D:3      | Reached XP level 5. HP: 29/37 MP: 8/8
  4279 | D:4      | Identified the +6 spear of Dissatisfaction {antimagic,
                  | Fragile rElec rN+ Str+4}
  4571 | D:4      | Identified the +1 ring mail of the Snake Pit {Str-3 Dex-4
                  | SInv Stlth+}
  4636 | D:4      | Noticed a necrophage
  4647 | D:4      | Killed a necrophage
  4648 | D:4      | Reached XP level 6. HP: 32/43 MP: 1/9
  5099 | D:4      | Found a runed translucent door.
  5102 | D:4      | Noticed dracfodder's ghost (novice GrBe)
  5503 | D:5      | Entered Level 5 of the Dungeon
  5759 | D:5      | Noticed a black bear
  6042 | D:5      | Found a glowing drain.
  6068 | Sewer    | Entered a sewer
  6163 | Sewer    | Noticed Purgy
  6212 | Sewer    | Killed Purgy
  6213 | Sewer    | Reached XP level 7. HP: 32/49 MP: 0/10
  6744 | D:5      | Reached skill level 5 in Fighting
  6744 | D:5      | Reached skill level 5 in Dodging
  6744 | D:5      | Reached skill level 5 in Conjurations
  7515 | D:6      | Gained mutation: You passively map a small area around you.
                  | [potion of mutation]
  7515 | D:6      | Gained mutation: You expend magic power (3 MP) to
                  | strengthen your wands. [potion of mutation]
  7515 | D:6      | Gained mutation: You are robust. (+10% HP) [potion of
                  | mutation]
  7516 | D:6      | HP: 1/55 [poisoned by a water moccasin]
  7517 | D:6      | Succumbed to a water moccasin's poison

Illustrated notes

Levels and vault maps discovered:
D:1:      scummos_arrival_hexagon, layout_basic, minmay_close_crescents
D:2:      layout_basic, serial_bayou, serial_bayou_pond_c, serial_bayou_shore_b,
          serial_bayou_shore_a, serial_bayou_ford_a, serial_bayou_pond_e
D:3:      layout_basic, mainiacjoe_overflow_tiny_flanked
D:4:      layout_layer_cave, ebering_ghost_sewer_d
D:5:      layout_loops_ring, portal_sewer_entry_b
D:6:      layout_basic, minmay_temple_entry_ruins, minmay_misc_feat_tower,
          grunt_ministairs_14

Skill      XL: |  1  2  3  4  5  6  7 |
---------------+----------------------+-----
Conjurations   | 1 2 3 4 5 |  5.3
Dodging        | 2 3 4 5 |  5.2
Fighting       | 5 |  5.2
Throwing       | |  1.0
Stealth        | |  1.3
Spellcasting   | |  2.0
Poison Magic   | |  1.2

Action                   |  1- 3 |  4- 6 |  7- 9 || total
-------------------------+-------+-------+-------++-------
Melee: Dagger            |   105 |       |       ||   105
       Constrict         |    24 |    17 |     5 ||    46
       Tentacles         |    14 |    12 |     3 ||    29
       Trident           |     3 |    59 |       ||    62
       Short sword       |       |    29 |    15 ||    44
 Cast: Magic Dart        |     1 |    19 |     3 ||    23
       Searing Ray       |       |    13 |     9 ||    22
  Use: Potion            |     1 |     2 |     7 ||    10
       Scroll            |       |     4 |       ||     4
 Stab: Sleeping          |     4 |     3 |     1 ||     8
       Distracted        |     1 |     1 |     1 ||     3
Armor: Skin              |    18 |    46 |     3 ||    67
Dodge: Dodged            |    58 |    68 |    23 ||   149

Table legend: (Time is in decaauts)
 A = Elapsed time spent in this place.
 B = Non-inter-level travel time spent in this place.
 C = Inter-level travel time spent in this place.
 D = Time resting spent in this place.
 E = Time spent auto-exploring this place.
 F = Levels seen in this place.
 G = Mean time per level.
                   A        B        C        D        E       F      G
               +--------+--------+--------+--------+--------+-----+--------+
         Total |   7522 |   7322 |    200 |   2415 |   3721 |   7 | 1074.6 |
       Dungeon |   7166 |   6966 |    200 |   2200 |   3705 |   6 | 1194.3 |
         Sewer |    355 |    355 |      0 |    215 |     16 |   1 |  355.0 |
               +--------+--------+--------+--------+--------+-----+--------+

Top non-repeatable levels by time:
     D:5: 1572 daAuts
     D:1: 1533 daAuts
     D:3: 1506 daAuts
     D:2: 1299 daAuts
     D:4: 1233 daAuts
   Sewer: 355 daAuts
     D:6: 21 daAuts
